 Dungeon Crawl Stone Soup version 0.27-a0-203-gd48b2df3c9 (webtiles) character file.

Game seed: 11556075819130452494

1439 wakim the Ruffian (level 8, -9/67 HPs)
             Began as a Yellow Draconian Transmuter on Jan 30, 2021.
             Was an Initiate of Makhleb.
             Mangled by a gnoll shaman
             ... wielding a +0 halberd
              (11 damage)
             ... in a bailey.
             The game lasted 00:38:11 (8072 turns).

wakim the Ruffian (Yellow Draconian Transmuter)     Turns: 8072, Time: 00:38:12

Health: -9/67      AC:  6    Str: 13 (14) XL:     8   Next: 45%
Magic:  10/11      EV: 13    Int: 13 (15) God:    Makhleb [......]
Gold:   366        SH:  9    Dex: 22 (23) Spells: 8/11 levels left

rFire    . . .     SeeInvis .     - Unarmed
rCold    . . .     Faith    .   B - +0 kite shield
rNeg     . . .     Spirit   .   (armour unavailable)
rPois    .         Reflect  .   (helmet currently unavailable)
rElec    .         Harm     .   (no cloak)
rCorr    +         Rampage  .   (no gloves)
Will     .....                  (boots currently unavailable)
Stlth    ++........             (no amulet)
HPRegen  0.21/turn              A - +6 ring of dexterity
MPRegen  0.12/turn              i - +6 ring of dexterity

@: mighty, short of breath, appendages, wereblooded (expiring)
A: spit acid, unfitting armour, horns 2, talons 2, cold-blooded, acid
resistance, AC +6
a: Breathe Acid, End Transformation, Renounce Religion


You were in a bailey.
You worshipped Makhleb.
Makhleb was noncommittal.
You had grown temporary horns.
You had grown temporary talons.
You visited 2 branches of the dungeon, and saw 8 of its levels.
You also visited: Ossuary and Bailey.

You collected 366 gold pieces.

Inventory:

Armour
 c - a +2 tower shield
 B - a +0 kite shield (worn)
Jewellery
 d - an uncursed amulet of reflection {unknown}
 i - a +6 ring of dexterity (right hand)
 w - an uncursed ring of ice
 y - an uncursed ring of fire
 A - a +6 ring of dexterity (left hand)
Wands
 l - a wand of random effects (12)
 p - a wand of flame (15)
Scrolls
 a - 9 scrolls of remove curse
 b - 7 scrolls of identify
 f - 2 scrolls of fog
 j - 2 scrolls of magic mapping
 q - 4 scrolls of teleportation
 C - 2 scrolls of summoning
Potions
 e - 2 potions of heal wounds
 k - 2 potions of magic
 o - 4 potions of curing
 r - 3 potions of might
 x - a potion of cancellation
 z - a potion of berserk rage


   Skills:
 + Level 4.4 Fighting
 + Level 4.0 Dodging
 * Level 2.4 Shields
 * Level 6.2 Unarmed Combat
 - Level 2.2 Spellcasting
 - Level 6.1 Transmutations
 + Level 1.6 Invocations


You had 8 spell levels left.
You knew the following spells:

 Your Spells              Type           Power        Failure   Level
a - Beastly Appendage     Tmut           34%          10%         1
b - Wereblood             Tmut           17%          16%         2

Your spell library contained the following spells:

 Spells                   Type           Power        Failure   Level
 Spider Form              Tmut/Pois      4%           71%         3
 Animate Skeleton         Necr           2%           77%         1
 Apportation              Tloc           2%           77%         1
 Corona                   Hex            1%           77%         1
 Summon Small Mammal      Summ           4%           77%         1
 Blade Hands              Tmut           8%           95%         5
 Ice Form                 Ice/Tmut       9%           98%         4


Dungeon Overview and Level Annotations

Branches:
Dungeon (7/15)             Temple (1/1) D:5         Ossuary (visited)
 Bailey (1/1)

Altars:
Cheibriados
Dithmenos
Fedhas
Kikubaaqudgha
Makhleb
Nemelex Xobeh
Okawaru
Qazlal
Ru
Sif Muna
Trog
Uskayaw
Vehumet
Wu Jian
Xom
Zin

Annotations:
D:2 Sigmund


Innate Abilities, Weirdness & Mutations

You can spit globs of acid.
Your golden yellow scales are hard. (AC +6)
You cannot fit into any form of body armour.
You are cold-blooded and may be slowed by cold attacks.
You are resistant to acid. (rCorr)
You have a pair of horns on your head.
You have razor-sharp toenails.


Message History

* * * LOW HITPOINT WARNING * * *
You block the gnoll sergeant's attack.
The gnoll shaman hits you from afar with a +0 halberd!
* * * LOW HITPOINT WARNING * * *
Press: ? - help, Shift-Dir - straight line, f - gnoll sergeant
Aim: a gnoll sergeant, wielding a +0 glaive and wearing a +0 chain mail You spit a glob of acid.
The glob of acid hits the gnoll sergeant.
The gnoll sergeant is splashed with acid!
The acid corrodes the gnoll sergeant!
The gnoll sergeant is heavily wounded.
The acid splashes onto the gnoll shaman!
The gnoll shaman is splashed with acid.
The acid corrodes the gnoll shaman!
The acid splashes onto the gnoll sergeant!
The gnoll sergeant is splashed with acid!
The acid corrodes the gnoll sergeant!
You howl as the wereblood boils in your veins!
You block the gnoll sergeant's attack.
The gnoll shaman hits you from afar with a +0 halberd!
You die...

#...≈≈♣♣ ###..≈.♣
#..≈.♣♣ #..≈..♣♣ ####
#..≈...♣ ##...#
#..≈...♣
#.....######..≈...♣♣
...$..g#...'....)..♣♣♣#
...8.gg@)..'....)÷∩..∩#
...$...#...'.......♣♣♣#
#.....######..≈...♣♣
##...# #..≈..♣♣ ####
#..≈..♣ #..≈..♣ #..≈.♣♣
###..≈.♣ #...≈≈♣♣


You could see 2 gnoll sergeants and a gnoll shaman (corroded).

Vanquished Creatures
  An ogre (D:7)
  2 phantoms
  A centaur zombie (D:6)
  6 hounds
  A jelly (D:4)
  3 orc priests (D:3)
  2 bullfrog skeletons (D:5)
  A centaur skeleton (D:4)
  Jessica (D:2)
  Ijyb (D:3)
  3 orc wizards
  2 worker ants
  2 hound skeletons
  12 mummies (Ossuary)
  A worker ant zombie (D:5)
  8 gnolls
  2 river rats (D:3)
  13 adders
  A white imp (D:5)
  2 adder skeletons (D:4)
  3 worms
  5 dart slugs
  4 leopard geckos
  23 orcs
  10 bats
  5 giant cockroaches
  16 goblins
  7 hobgoblins
  18 jackals
  12 kobolds
  A quokka (D:3)
  2 ball pythons
  2 frilled lizards (D:1)
  2 gnoll skeletons (Ossuary)
  2 goblin skeletons (Ossuary)
  2 kobold skeletons (Ossuary)
  A leopard gecko zombie (D:5)
  2 orc skeletons (Ossuary)
  A quokka zombie (D:6)
  2 rats (D:1)
  11 rat skeletons (Ossuary)
196 creatures vanquished.

Vanquished Creatures (others)
  A jackal (D:4)
1 creature vanquished.

Grand Total: 197 creatures vanquished

Notes
Turn   | Place    | Note
-------+----------+-------------------------------------------
     0 | D:1      | wakim the Draconian Transmuter began the quest for the Orb.
     0 | D:1      | Reached XP level 1. HP: 16/16 MP: 3/3
   100 | D:1      | Reached XP level 2. HP: 4/23 MP: 5/5
   689 | D:1      | Reached XP level 3. HP: 23/28 MP: 6/6
  1554 | D:2      | Noticed Sigmund
  1820 | D:2      | Reached XP level 4. HP: 34/35 MP: 5/7
  2016 | D:2      | Learned a level 2 spell: Wereblood
  2053 | D:2      | Found a faded altar of an unknown god.
  2136 | D:2      | Noticed Jessica
  2148 | D:2      | Killed Jessica
  2557 | D:3      | Reached XP level 5. HP: 29/41 MP: 4/8
  2834 | D:2      | Found a radiant altar of Vehumet.
  3116 | D:3      | Reached XP level 6. HP: 18/49 MP: 9/9
  4306 | D:3      | Noticed Ijyb
  4324 | D:3      | Killed Ijyb
  4691 | D:4      | Found a sand-covered staircase.
  4696 | Ossuary  | Entered an ossuary
  4709 | Ossuary  | Reached skill level 5 in Transmutations
  4935 | Ossuary  | Your scales start taking on a golden yellow colour.
  4935 | Ossuary  | Reached XP level 7. HP: 53/57 MP: 8/10
  4935 | Ossuary  | Gained mutation: You are resistant to acid. (rCorr) [Yellow
                  | Draconian growth]
  4981 | Ossuary  | Reached skill level 5 in Unarmed Combat
  5752 | D:4      | Found a shimmering altar of Xom.
  6044 | D:5      | Entered Level 5 of the Dungeon
  6044 | D:5      | Found a staircase to the Ecumenical Temple.
  6045 | D:5      | Found a snail-covered altar of Cheibriados.
  6137 | Temple   | Entered the Ecumenical Temple
  6307 | D:5      | Found a glowing silver altar of Zin.
  6721 | D:5      | Found a shadowy altar of Dithmenos.
  6978 | D:6      | Reached XP level 8. HP: 52/66 MP: 11/11
  7131 | D:6      | Found a burning altar of Makhleb.
  7141 | D:6      | Became a worshipper of Makhleb the Destroyer
  7267 | D:6      | Reached skill level 1 in Shields
  7297 | D:6      | Found a hide-covered altar of Uskayaw.
  7661 | D:7      | Reached skill level 1 in Invocations
  7697 | D:7      | Found a flagged portal.
  7726 | Bailey   | Entered a bailey
  8071 | Bailey   | HP: 1/67 [gnoll shaman/+0 halberd (11)]
  8072 | Bailey   | Mangled by a gnoll shaman

Illustrated notes

Levels and vault maps discovered:
D:1:      scummos_arrival_forest, layout_basic
D:2:      layout_loops_cross, lemuel_doored_altar,
          chequers_ecumenical_altar_simple, uniq_sigmund,
          uniq_crazy_yiuf_cottage, uniq_jessica
D:3:      kennysheep_goblin_castle, layout_loops_ring, portal_sewer_entry_a
D:4:      layout_basic, xom_confusion_cloud, enter_ossuary_2
D:5:      layout_basic, nicolae_overflow_crystal_walls, kennysheep_mini,
          zin_academy, minmay_temple_entry_metal_lava
D:6:      layout_basic, old_standard_altar, overflow_temple_1_default
D:7:      layout_loops_ring, lemuel_zombie_altar_yredelemnul, enter_bailey_4,
          uniq_joseph, uniq_maggie
Temple:   kb_temple_of_zot
Bailey:   bailey_polearm_gnolls_kennysheep, bailey

Skill      XL: |  1  2  3  4  5  6  7  8 |
---------------+-------------------------+-----
Transmutations | 3 4 5 6 |  6.1
Unarmed Combat | 4 5 6 |  6.2
Dodging        | 2 3 4 |  4.0
Fighting       | 2 3 4 |  4.4
Shields        | 2 |  2.4
Invocations    | 1 |  1.6
Spellcasting   | |  2.2

Action                   |  1- 3 |  4- 6 |  7- 9 || total
-------------------------+-------+-------+-------++-------
Melee: Unarmed           |   117 |   272 |   238 ||   627
       Kick              |    20 |    45 |    59 ||   124
       Headbutt          |     5 |    28 |    38 ||    71
       Tailslap          |    10 |    30 |    37 ||    77
       Punch             |     1 |     5 |     1 ||     7
 Cast: Beastly Appendage |    22 |    32 |    27 ||    81
       Wereblood         |       |    10 |    10 ||    20
 Abil: Breathe Acid      |       |       |     6 ||     6
  Use: Scroll            |       |     3 |    10 ||    13
       Potion            |       |       |    10 ||    10
Armor: Skin              |    19 |    57 |    67 ||   143
Dodge: Dodged            |    72 |   139 |   182 ||   393
Block: Kite shield       |       |       |    52 ||    52

Table legend: (Time is in decaauts)
 A = Elapsed time spent in this place.
 B = Non-inter-level travel time spent in this place.
 C = Inter-level travel time spent in this place.
 D = Time resting spent in this place.
 E = Time spent auto-exploring this place.
 F = Levels seen in this place.
 G = Mean time per level.
                   A        B        C        D        E       F      G
               +--------+--------+--------+--------+--------+-----+--------+
         Total |   8070 |   7874 |    196 |   3157 |   2776 |  10 |  807.0 |
       Dungeon |   6913 |   6717 |    196 |   2512 |   2630 |   7 |  987.6 |
        Temple |    105 |    105 |      0 |      0 |     75 |   1 |  105.0 |
       Ossuary |    703 |    703 |      0 |    385 |     71 |   1 |  703.0 |
        Bailey |    348 |    348 |      0 |    260 |      0 |   1 |  348.0 |
               +--------+--------+--------+--------+--------+-----+--------+

Top non-repeatable levels by time:
     D:3: 1960 daAuts
     D:1: 1595 daAuts
     D:2: 1090 daAuts
     D:6: 766 daAuts
     D:4: 715 daAuts
     D:5: 706 daAuts
 Ossuary: 703 daAuts
  Bailey: 348 daAuts
  Temple: 105 daAuts
     D:7: 79 daAuts
